 Dungeon Sprint DCSS version 0.27-a0-1119-gbf574a6a6b (webtiles) character file.

Game seed: 8118549482098871125

4671 mhtbhm the Scorcher (level 10, -15/52 HPs)
             Began as a Deep Elf Fire Elementalist on May 2, 2021.
             Demolished by a death scarab (31 damage)
             ... summoned by a royal mummy
             ... in the Dungeon (Sprint V: "Ziggurat Sprint").
             The game lasted 00:03:13 (603 turns).

mhtbhm the Scorcher (Deep Elf Fire Elementalist)     Turns: 603, Time: 00:03:13

Health: -15/52     AC:  5    Str:  5    XL:     10   Next: 21%
Magic:  15/29      EV: 17    Int: 36    God:
Gold:   0          SH:  0    Dex: 15    Spells: 20/36 levels left

rFire    + . .     SeeInvis .   C - +8 lance "Wyrmbane" {slay drac, rPois rF+ rC+ AC+3}
rCold    + . .     Faith    .   (no shield)
rNeg     . . .     Spirit   .   a - +0 robe
rPois    +         Reflect  .   (no helmet)
rElec    .         Harm     .   (no cloak)
rCorr    .         Rampage  .   (no gloves)
Will     +....     NoTele   +   (no boots)
Stlth    +++.......             (no amulet)
HPRegen  0.17/turn              u - +6 ring of intelligence
MPRegen  0.21/turn              v - +6 ring of intelligence

@: slowed, very slow
A: no striking features
a: no special abilities


You were in the Dungeon.
You visited 1 branch

Inventory:

Hand Weapons
 C - the +8 lance "Wyrmbane" (weapon) {slay drac, rPois rF+ rC+ AC+3}
   (You found it in the Dungeon)

   It affects your AC (+3).
   It protects you from fire.
   It protects you from cold.
   It protects you from poison.
Armour
 a - a +0 robe (worn)
 r - a +1 buckler of reflection
Jewellery
 u - a +6 ring of intelligence (left hand)
 v - a +6 ring of intelligence (right hand)
Wands
 y - a wand of mindburst (7)
 z - a wand of iceblast (2)
 A - a wand of acid (6)
Scrolls
 h - 2 scrolls of blinking
 m - 4 scrolls of amnesia
 n - 7 scrolls of fog
 o - a scroll of holy word
 p - 5 scrolls of identify
 q - 2 scrolls of fear
 t - 4 scrolls of enchant armour
Potions
 b - 2 potions of brilliance
 c - 10 potions of curing
 d - 9 potions of heal wounds
 e - 6 potions of haste
 f - 7 potions of magic
 g - 3 potions of berserk rage
 i - 2 potions of invisibility
 j - 4 potions of resistance
 k - a potion of experience
 l - 5 potions of might
Miscellaneous
 s - a tin of tremorstones (2/2)
 B - a lightning rod (4/4)


   Skills:
 + Level 1.0 Fighting
 + Level 10.2 Dodging
 - Level 4.3 Stealth
 - Level 4.0 Shields
 + Level 13.8 Spellcasting
 + Level 8.0 Conjurations
 + Level 17.1 Fire Magic
 + Level 7.9 Evocations


You had 20 spell levels left.
You knew the following spells:

 Your Spells              Type           Power      Damage    Failure   Level
a - Foxfire               Conj/Fire      100%       2x1d9     0%          1
b - Conjure Flame         Conj/Fire      86%        6-21      1%          3
c - Inner Flame           Hex/Fire       72%        N/A       1%          3
d - Sticky Flame          Conj/Fire      86%        2d10      1%          4
e - Fireball              Conj/Fire      43%        3d17      1%          5

Your spell library contained the following spells:

 Spells                   Type           Power      Damage    Failure   Level
 Passwall                 Tmut/Erth      20%        N/A       2%          2
 Irradiate                Conj/Tmut      26%        3d22      9%          5
 Cause Fear               Hex            12%        N/A       16%         4
 Borgnjor's Vile Clutch   Necr/Erth      12%        N/A       41%         5
 Silence                  Hex/Air        12%        N/A       41%         5
 Yara's Violent Unravell  Hex/Tmut       12%        3d7       41%         5
 Conjure Ball Lightning   Conj/Air       26%        3x3d7     43%         6
 Blade Hands              Tmut           12%        N/A       94%         6
 Statue Form              Tmut/Erth      16%        N/A       94%         6
 Dragon Form              Tmut           12%        N/A       100%        7
 Discord                  Hex            12%        N/A       100%        8


Dungeon Overview and Level Annotations

Branches:
Dungeon (1/1)

Altars:
Ashenzari
Cheibriados
Dithmenos
Elyvilon
Fedhas
Gozag
Hepliaklqana
Kikubaaqudgha
Makhleb
Nemelex Xobeh
Okawaru
Qazlal
Ru
Sif Muna
Trog
Uskayaw
Vehumet
Wu Jian
Xom
Yredelemnul
Zin
The Shining One
Beogh
Jiyva
Lugonu

Annotations:
D 1 transporter


Message History

Press: ? - help, Shift-Dir - straight line The fireball explodes!
The fireball engulfs the death scarab!!
The death scarab is almost destroyed.
The fireball engulfs the bennu.
The bennu completely resists.
The fireball engulfs the royal mummy!!
The royal mummy is heavily damaged.
The fireball engulfs the mummy!!!
The mummy is burned terribly!
You destroy the mummy!
The death scarab barely misses you. x2; The death scarab bites you!!
The death scarab drains your vigour!
You feel yourself slow down.
The death scarab draws strength from your injuries!
The royal mummy mumbles some strange words.
Unknown command.
Unknown command.
Casting: Fireball (dangerous; 1% risk of failure)
Confirm with . or Enter, or press ? or * to list all spells.
Aiming: Fireball (dangerous; 1% risk of failure)
Press: ? - help, Shift-Dir - straight line
Okay, then.
Blink to where?
Press: ? - help, Dir - move target
As you read the scroll of blinking, it crumbles to dust.
The death scarab misses you.
The royal mummy points at you and mumbles some strange words.
Something smites you!
The royal mummy calls on the powers of darkness!
The bennu convulses!
Your body is wracked with pain!
* * * LOW HITPOINT WARNING * * *
Unknown command.
Okay, then.
You feel much better. The death scarab misses you.
The death scarab completely misses you. The death scarab misses you.
The death scarab closely misses you.
The royal mummy gestures wildly while chanting.
The death scarab misses you.
The royal mummy calls on the powers of darkness!
Your body is wracked with pain!
The death scarab closely misses you. The death scarab bites you!!
Ouch! That really hurt!
You die...

▓▓▓▓▓▓▓▓▓▓▓▓▓▓▓▓▓▓
▓..8©8..▓
▓§.[=|..▓
▓.M"[)..▓
▓.....B.▓
▓...M...▓
▓....BBB▓
▓.B..B.B▓
▓.▓...▓@▓
▓...©.BB▓
▓▓▓▓▓▓▓▓▓


You could see 2 royal mummies and 9 death scarabs.

Vanquished Creatures
  A deep elf knight (D)
  2 starcursed masses (D)
  A deep elf archer (D)
  A deep elf pyromancer (D)
  A deep elf zephyrmancer (D)
  4 draconians (D)
  An air elemental (D)
  A water moccasin (D)
  2 scorpions (D)
  2 mummies (D)
  2 adders (D)
  2 ufetubi (D)
  A ball python (D)
21 creatures vanquished.

Vanquished Creatures (others)
  2 foxfires (D)
2 creatures vanquished.

Grand Total: 23 creatures vanquished

Notes
Turn   | Place    | Note
-------+----------+-------------------------------------------
     0 | D        | mhtbhm the Deep Elf Fire Elementalist began the quest for
                  | the Orb.
     0 | D        | Reached XP level 1. HP: 10/10 MP: 6/6
     0 | D        | Found a shimmering blue altar of Sif Muna.
     0 | D        | Found a bloodstained altar of Trog.
     0 | D        | Found a sacrificial altar of Ru.
     0 | D        | Found a stormy altar of Qazlal.
     0 | D        | Found an iron altar of Okawaru.
     1 | D        | Found a sparkling altar of Nemelex Xobeh.
     1 | D        | Found a blossoming altar of Fedhas.
     2 | D        | Found the +6 Majin-Bo {vamp, MP+6 Int+6}
     2 | D        | Found the +9 heavy crossbow "Sniper" {vorpal, Acc+∞ SInv}
     2 | D        | Found the +10 dark maul {vorpal}
     2 | D        | Found the +15 Maxwell's patent armour {-Cast -Tele rElec
                  | Will+ rCorr}
     2 | D        | Found the +18 shield of the Gong {rElec rN+ Will+ EV-5}
     2 | D        | Found the +14 obsidian axe {vorpal, Drain Fly SInv}
     2 | D        | Found the +7 great mace "Firestarter" {inner flame, rF++}
     2 | D        | Found the +6 shillelagh "Devastator" {shatter}
     2 | D        | Found the +11 plutonium sword {Contam Stlth-}
     2 | D        | Found the +8 lance "Wyrmbane" {slay drac, rPois rF+ rC+
                  | AC+3}
     2 | D        | Found the +9 sword of Zonguldrok {reap}
     2 | D        | Found the +13 scythe of Curses {drain, Drain}
     2 | D        | Found the +5 sword of Power {vorpal}
     2 | D        | Found the +7 mace of Variability {chain chaos}
     2 | D        | Found the +7 Singing Sword {vorpal, sonic wave}
     2 | D        | Found the +8 storm bow {elec, penet}
     3 | D        | Found a transporter.
     3 | D        | Found an ancient bone altar of Kikubaaqudgha.
     3 | D        | Found a viscous altar of Jiyva.
     3 | D        | Found a corrupted altar of Lugonu.
     3 | D        | Found a hazy altar of Hepliaklqana.
     3 | D        | Found a burning altar of Makhleb.
     3 | D        | Found an opulent altar of Gozag.
    38 | D        | Entered arena 2.
    38 | D        | Noticed a scorpion
    38 | D        | Noticed a scorpion
    38 | D        | Found a transporter.
    40 | D        | Killed a scorpion
    41 | D        | Reached skill level 5 in Spellcasting
    41 | D        | Reached skill level 6 in Fire Magic
    41 | D        | Reached XP level 2. HP: 15/15 MP: 7/10
    41 | D        | Reached XP level 3. HP: 19/19 MP: 7/11
    42 | D        | Killed a scorpion
    43 | D        | Reached skill level 8 in Fire Magic
    43 | D        | Reached XP level 4. HP: 15/24 MP: 7/14
   154 | D        | Learned a level 3 spell: Conjure Flame
   158 | D        | Learned a level 3 spell: Inner Flame
   163 | D        | Learned a level 4 spell: Sticky Flame
   165 | D        | Entered arena 3.
   165 | D        | Noticed a starcursed mass
   165 | D        | Found a transporter.
   167 | D        | Reached skill level 1 in Evocations
   176 | D        | Killed a starcursed mass
   176 | D        | Killed a starcursed mass
   177 | D        | Reached skill level 10 in Spellcasting
   177 | D        | Reached skill level 13 in Fire Magic
   177 | D        | Reached skill level 5 in Evocations
   177 | D        | Reached XP level 5. HP: 19/28 MP: 11/20
   177 | D        | Reached XP level 6. HP: 21/32 MP: 11/21
   177 | D        | Reached XP level 7. HP: 24/36 MP: 12/23
   177 | D        | Reached XP level 8. HP: 28/41 MP: 12/24
   183 | D        | Learned a level 5 spell: Fireball
   278 | D        | Entered arena 4.
   278 | D        | Noticed a draconian
   278 | D        | Noticed a draconian
   278 | D        | Noticed a draconian
   278 | D        | Noticed a draconian
   278 | D        | Found a transporter.
   280 | D        | Killed a draconian
   281 | D        | Reached skill level 14 in Fire Magic
   281 | D        | Killed a draconian
   281 | D        | Killed a draconian
   282 | D        | Reached skill level 5 in Conjurations
   282 | D        | Reached skill level 15 in Fire Magic
   282 | D        | Reached XP level 9. HP: 45/45 MP: 9/26
   285 | D        | Killed a draconian
   413 | D        | Got the Disquisition on the Hurtful Rocks
   418 | D        | Got the ring of the Endless Expanse {Str+6 Slay+3 SInv}
   423 | D        | Entered arena 5.
   423 | D        | Found a transporter.
   438 | D        | Entered arena 6.
   438 | D        | Noticed a deep elf pyromancer
   438 | D        | Noticed a deep elf zephyrmancer
   438 | D        | Noticed a deep elf archer
   438 | D        | Noticed a deep elf knight
   438 | D        | Found a transporter.
   440 | D        | Killed a deep elf zephyrmancer
   440 | D        | Killed a deep elf archer
   440 | D        | Killed a deep elf knight
   441 | D        | Reached skill level 10 in Dodging
   441 | D        | Reached skill level 16 in Fire Magic
   441 | D        | Reached XP level 10. HP: 48/51 MP: 11/29
   441 | D        | Killed a deep elf pyromancer
   442 | D        | Reached skill level 1 in Fighting
   442 | D        | Reached skill level 17 in Fire Magic
   597 | D        | Entered arena 7.
   597 | D        | Noticed a bennu
   597 | D        | Noticed a death scarab
   597 | D        | Noticed a royal mummy
   597 | D        | Noticed a royal mummy
   598 | D        | Found the ring of the Hare {EV+8}
   599 | D        | Found a transporter.
   600 | D        | Noticed a death scarab
   600 | D        | Noticed a death scarab
   600 | D        | Noticed a death scarab
   600 | D        | Noticed a death scarab
   601 | D        | Noticed a death scarab
   602 | D        | Noticed a death scarab
   602 | D        | Noticed a death scarab
   603 | D        | Demolished by a death scarab

Illustrated notes

Levels and vault maps discovered:
D:        sprint_v [room_start, room_1, room_2, room_3, room_4, room_5, room_6,
          room_7, room_8, room_9, room_10, room_11, room_12, room_13, room_14,
          room_15, room_16, room_17, room_18, room_19, room_20, room_21,
          room_22, room_23, room_24, room_25, room_26, room_27]

Skill      XL: |  1  2  3  4  5  6  7  8  9 10 |
---------------+-------------------------------+-----
Dodging        | 4 8 9 10 | 10.2
Stealth        | 3 4 |  4.3
Spellcasting   | 5 6 10 11 13 | 13.8
Fire Magic     | 6 8 13 15 16 17 | 17.1
Evocations     | 5 6 7 |  7.9
Conjurations   | 4 5 7 8 |  8.0
Shields        | 3 4 |  4.0
Fighting       | 1 |  1.0

Action                   |  1- 3 |  4- 6 |  7- 9 | 10-12 || total
-------------------------+-------+-------+-------+-------++-------
 Cast: Foxfire           |     1 |       |       |       ||     1
       Sticky Flame      |       |     1 |     3 |       ||     4
       Fireball          |       |       |     6 |     4 ||    10
Evoke: Wand              |     2 |     4 |       |       ||     6
       Lightning rod     |       |     4 |     2 |       ||     6
  Use: Scroll            |       |       |       |     2 ||     2
       Potion            |       |       |       |     1 ||     1
Dodge: Dodged            |     1 |       |       |    10 ||    11

Table legend: (Time is in decaauts)
 A = Elapsed time spent in this place.
 B = Non-inter-level travel time spent in this place.
 C = Inter-level travel time spent in this place.
 D = Time resting spent in this place.
 E = Time spent auto-exploring this place.
 F = Levels seen in this place.
 G = Mean time per level.
                   A        B        C        D        E       F      G
               +--------+--------+--------+--------+--------+-----+--------+
         Total |    602 |    602 |      0 |    446 |      0 |   1 |  602.0 |
       Dungeon |    602 |    602 |      0 |    446 |      0 |   1 |  602.0 |
               +--------+--------+--------+--------+--------+-----+--------+

Top non-repeatable levels by time:
       D: 602 daAuts
